 Dungeon Crawl Stone Soup version 0.31-a0-198-g2ad674f65e (webtiles) character file.

Game seed: 8111050758773066430

104 qw the Shooter (level 4, -2/25 HPs)
             Began as a Deep Elf Hunter on June 25, 2023.
             Slain by a gnoll
             ... wielding a +0 halberd
              (6 damage)
             ... on level 3 of the Dungeon.
             The game lasted 00:00:41 (1680 turns).

qw the Shooter (Deep Elf Hunter)                    Turns: 1680, Time: 00:00:41

Health: -2/25      AC:  3    Str: 13    XL:     4   Next: 52%
Magic:  6/6        EV: 12    Int: 14    God:
Gold:   128        SH:  0    Dex: 18    Spells: 3/3 levels left

rFire   . . .        Y - +0 shortbow
rCold   . . .        (shield currently unavailable)
rNeg    . . .        c - +0 leather armour
rPois   .            (no helmet)
rElec   .            (no cloak)
rCorr   .            (no gloves)
SInv    .            (no boots)
Will    .....        a - amulet of Birdsong {Acrobat Str+3}
Stlth   ++           (no ring)
HPRegen 0.24/turn    (no ring)
MPRegen 0.10/turn

%: acrobat
@: no status effects
A: no striking features
a: no special abilities


You were on level 3 of the Dungeon.
You visited 1 branch of the dungeon, and saw 3 of its levels.

You collected 148 gold pieces.
You spent 20 gold pieces at shops.


   Skills:
 - Level 1.5 Fighting
 + Level 7.9 Ranged Weapons
 - Level 2.4 Dodging
 - Level 1.2 Stealth


You had 3 spell levels left.
You didn't know any spells.
Your spell library was empty.

Inventory:

Hand Weapons
 Y - a +0 shortbow (weapon)
Armour
 c - a +0 leather armour (worn)
Jewellery
 a - the amulet of Birdsong (around neck) {Acrobat Str+3}
   (You acquired it on level 1 of the Dungeon)

   [amulet of the acrobat]

   It increases your evasion while moving and waiting.
   Str:       It affects your strength (+3).
Scrolls
 d - 3 scrolls of blinking {unknown}
 g - a scroll of identify
Potions
 b - a potion of might
 e - a potion of enlightenment {unknown}
 h - a potion of cancellation {unknown}

Dungeon Overview and Level Annotations

Branches:
Dungeon (3/15)

Altars:

Shops:
D:1 ?

Annotations:
D:2 1 runed translucent door, Crazy Yiuf


Message History

You shoot an arrow. The arrow hits the quokka.
You kill the quokka!
A gnoll comes into view. It is wielding a +0 halberd.
1668 ||| Stepping ~*~*~tactically~*~*~ (outnumbered).
You shoot an arrow. The arrow hits the gnoll.
The gnoll is moderately wounded.
You shoot an arrow. The arrow hits the gnoll.
The gnoll is almost dead.
The gnoll completely misses you.
You shoot an arrow. The arrow barely misses the gnoll.
The gnoll hits you from afar with a +0 spear.
You shoot an arrow. The arrow hits the gnoll.
You kill the gnoll!
You shoot an arrow. The arrow closely misses the gnoll.
A gnoll comes into view. It is wielding a +0 spear.
You shoot an arrow. The arrow hits the gnoll!
The gnoll is almost dead.
You hear a shout!
The gnoll hits you with a +0 club.
You shoot an arrow. The arrow hits the gnoll.
You kill the gnoll!
The gnoll barely misses you.
You shoot an arrow. The arrow barely misses the gnoll.
The gnoll hits you from afar with a +0 spear.
You shoot an arrow.
The arrow hits the gnoll but does no damage.
The gnoll hits you from afar with a +0 spear.
The gnoll barely misses you.
You shoot an arrow. The arrow hits the gnoll.
The gnoll is lightly wounded.
The gnoll hits you from afar with a +0 spear.
The gnoll hits you from afar with a +0 halberd.
You shoot an arrow. The arrow barely misses the gnoll.
The gnoll hits you from afar with a +0 halberd.
The gnoll hits you from afar with a +0 spear.
You shoot an arrow. The arrow barely misses the gnoll.
You hear the slow rusting of a very distant drain.
The gnoll closely misses you.
The gnoll hits you from afar with a +0 halberd.
You die...

.#######.#######
#.##%# . #.###.# ..
#.#..#.# ...
#.##.##.# ....
#.##...#. ..... ..#
#..##
....%.##########
##....
.....g.@%......#
#..#..
....##.).......#
#...#.. .
#g......).# #.#.#
.'..........# #.#.#
..##.........##
.#...# g.
#.........##.##...#
g
#.........##.#..#..
#..............###.
#..........#.#..#..


You could see 2 gnolls.

Vanquished Creatures
  2 gnolls (D:3)
  3 adders (D:3)
  A worm (D:2)
  A dart slug (D:1)
  An orc (D:3)
  8 endoplasms
  A giant cockroach (D:2)
  4 goblins
  2 hobgoblins
  3 quokkas
  7 ball pythons
  11 bats
  4 frilled lizards
  2 kobolds
  A rat (D:1)
51 creatures vanquished.

Notes
Turn   | Place    | Note
-------+----------+-------------------------------------------
     0 | D:1      | qw the Deep Elf Hunter began the quest for the Orb.
     0 | D:1      | Reached XP level 1. HP: 12/12 MP: 3/3
     0 | D:1      | 0 ||| qw: Version: 0.3-a-22-g0ed2b0b
     0 | D:1      | 0 ||| qw: Game counter: 5041
     0 | D:1      | 0 ||| qw: Melee chars always use a shield: true
     0 | D:1      | 0 ||| qw: God list: Okawaru
     0 | D:1      | 0 ||| qw: Allow faded altars: false
     0 | D:1      | 0 ||| qw: Do Orc after clearing Dungeon:15 true
     0 | D:1      | 0 ||| qw: Do second Lair branch before Depths: true
     0 | D:1      | 0 ||| qw: Lair rune preference: random
     0 | D:1      | 0 ||| qw: Goals: Normal
     0 | D:1      | 0 ||| PLANNING D:1-11
    38 | D:1      | 38 ||| FLEEEEING.
    41 | D:1      | 41 ||| FLEEEEING.
    48 | D:1      | 48 ||| FLEEEEING.
   132 | D:1      | Reached XP level 2. HP: 16/16 MP: 4/4
   134 | D:1      | Reached skill level 6 in Ranged Weapons
   332 | D:1      | Found Delixteff's Magic Scroll Emporium.
   337 | D:1      | 337 ||| BUYING scroll of identify (20 gold).
   337 | D:1      | Bought a scroll of identify for 20 gold pieces
   337 | D:1      | 337 ||| SHOPLISTING scroll of identify (20 gold, have 4).
   337 | D:1      | 337 ||| SHOPLISTING scroll of teleportation (30 gold, have
                  | 4).
   433 | D:1      | Found a faded altar of an unknown god.
   710 | D:1      | 710 ||| READING scroll labelled QIG ICAOKHUXOE.
   711 | D:1      | 711 ||| READING scroll labelled JIMNIR ITWEONI.
   711 | D:1      | Identified a scroll of acquirement
   711 | D:1      | 711 ||| ACQUIRING amulet of Birdsong {Acrobat Str+3}
   711 | D:1      | Acquired the amulet of Birdsong {Acrobat Str+3}
   713 | D:1      | 713 ||| UPGRADING to amulet of Birdsong {Acrobat Str+3}.
   718 | D:1      | 718 ||| READING 2 scrolls of identify.
   718 | D:1      | 718 ||| IDENTIFYING metallic inky potion
   719 | D:1      | 719 ||| DROPPING scroll of butterflies.
   720 | D:1      | 720 ||| DROPPING potion of lignification.
   757 | D:2      | Reached XP level 3. HP: 20/20 MP: 5/5
  1185 | D:2      | Found a runed translucent door.
  1186 | D:2      | Noticed Crazy Yiuf
  1285 | D:2      | Reached skill level 7 in Ranged Weapons
  1437 | D:2      | 1437 ||| READING scroll labelled SAAKAW FUVAUH.
  1465 | D:2      | 1465 ||| READING 2 scrolls of identify.
  1465 | D:2      | 1465 ||| IDENTIFYING ruby potion
  1483 | D:3      | 1483 ||| PLANNING SEWER
  1598 | D:3      | Reached XP level 4. HP: 25/25 MP: 6/6
  1668 | D:3      | 1668 ||| Stepping ~*~*~tactically~*~*~ (outnumbered).
  1679 | D:3      | HP: 6/25 [gnoll/+0 halberd (1)]
  1680 | D:3      | Slain by a gnoll

Levels and vault maps discovered:
D:1:      lemuel_arrival_room, layout_basic, serial_shops,
          nicolae_shop_just_a_little_nook,
          shapermc_ecumenical_altar_totnotflames, minmay_misc_feat_nine_boxes
D:2:      layout_loops_ring, uniq_crazy_yiuf_cottage
D:3:      wad_crossroads, layout_basic, cheibrodos_sewer_entry_bend

Skill      XL: |  1  2  3 |
---------------+----------+-----
Ranged Weapons | 6 7 |  7.9
Fighting       | |  1.5
Dodging        | |  2.4
Stealth        | |  1.2

Action                     |  1- 3 |  4- 6 || total
---------------------------+-------+-------++-------
   Fire: Shortbow          |   136 |    20 ||   156
    Use: Scroll            |     5 |       ||     5
 Armour: Leather armour    |    15 |       ||    15
  Dodge: Dodged            |    38 |     4 ||    42

Table legend:
 A = Non-vault XP
 B = Vault XP
 C = Vault XP percentage of total XP
 D = Non-vault monster count
 E = Vault monster count
 F = Vault count percentage of total count
                 A         B        C        D         E       F
            +---------+---------+-------+---------+---------+-------
      Total |     145 |       4 |   2.7 |      49 |       2 |   3.9
            +---------+---------+-------+---------+---------+-------
        D:1 |      36 |       0 |   0.0 |      22 |       0 |   0.0
        D:2 |      31 |       0 |   0.0 |      17 |       0 |   0.0
        D:3 |      78 |       4 |   4.9 |      10 |       2 |  16.7
            +---------+---------+-------+---------+---------+-------
